AoeStats
← Unknown

Fortress

509503088Analyzed
2v2 RM · 6d ago on Sep 27, 2026· 72m 13s· 4 players
Game mode
Random Map
Map size
Normal (6 player)
Population
200
Speed
Normal
Resources
Standard
Victory
Conquest
Starting age
Dark Age
Ending age
Imperial Age
RankedLock teamsTeams togetherTeam positionsShared explorationLock speedFull tech treeHidden civsTurbo modeCheats
Victory
Defeat
🇵🇪 Huns · Peru
1171
+14
🇲🇽 Malay · Mexico
1110
+17
🇦🇷 Italians · Argentina
1207
-19
🇦🇷 Poles · Argentina
1051
-12
Patovic
7:32 Feudal Age
8:23 Town Watch
8:32 Double-Bit Axe
11:06 Castle Age
9:37 Horse Collar
10:13 Stone Mining
10:30 Loom
11:53 Wheelbarrow
12:47 Bow Saw
14:07 Wheelbarrow
14:31 Gold Mining
15:24 Fletching
18:21 Bodkin Arrow
19:42 Ballistics
20:36 Hand Cart
26:20 Imperial Age
27:02 Bracer
28:04 Chemistry
29:40 Conscription
29:40 Thumb Ring
30:45 Elite Genoese Crossbowman
32:39 Squires
32:24 Arson
32:42 Padded Archer Armor
32:53 Forging
32:44 Scale Mail Armor
37:32 Two-Man Saw
36:58 Treadmill Crane
39:34 Town Patrol
40:16 Fortified Wall
40:46 Leather Archer Armor
42:40 Stone Shaft Mining
42:33 Heavy Plow
44:00 Ring Archer Armor
44:43 Chain Mail Armor
46:20 Plate Mail Armor
46:29 Crop Rotation
47:31 Iron Casting
47:24 Pirotechnia
65:32 Guard Tower
66:11 Murder Holes
Caterpillar punta de acero
8:03 Feudal Age
8:34 Double-Bit Axe
14:41 Castle Age
14:07 Horse Collar
15:57 Bow Saw
16:35 Szlachta Privileges
18:01 Bloodlines
19:29 Forging
19:25 Scale Barding Armor
19:23 Husbandry
21:23 Chain Barding Armor
26:21 Iron Casting
31:05 Imperial Age
28:37 Heavy Plow
32:10 Conscription
32:53 Blast Furnace
31:18 Cavalier
36:34 Scale Mail Armor
38:59 Fletching
52:53 Arson
53:10 Squires
luenlome25
7:33 Feudal Age
7:29 Double-Bit Axe
14:33 Castle Age
12:16 Horse Collar
14:03 Wheelbarrow
14:59 Bow Saw
16:53 Heavy Plow
21:53 Gold Mining
26:30 Imperial Age
25:07 Gold Shaft Mining
24:32 Loom
25:32 Hand Cart
25:03 Town Watch
26:10 Forging
25:53 Fletching
27:03 Conscription
27:15 Forced Levy
28:42 Pikeman
29:22 Squires
29:08 Arson
28:43 Man-at-Arms
30:17 Iron Casting
29:38 Bodkin Arrow
29:12 Halberdier
30:54 Long Swordsman
31:59 Elite Karambit Warrior
33:09 Murder Holes
33:24 Masonry
32:56 Treadmill Crane
34:23 Blast Furnace
33:23 Bracer
36:34 Two-Handed Swordsman
37:57 Town Patrol
37:53 Stone Mining
39:49 Ballistics
40:30 Chemistry
51:33 Elite Skirmisher
55:05 Stone Shaft Mining
72:11 Padded Archer Armor
Unknown
7:55 Feudal Age
11:39 Castle Age
10:57 Double-Bit Axe
10:59 Horse Collar
21:42 Loom
22:32 Wheelbarrow
21:43 Town Watch
25:44 Imperial Age
25:18 Marauders
25:23 Husbandry
25:34 Bloodlines
25:32 Scale Barding Armor
25:37 Forging
26:29 Elite Tarkan
28:08 Chain Barding Armor
28:33 Iron Casting
29:53 Hand Cart
30:42 Town Patrol
43:01 Bow Saw
43:39 Heavy Plow
44:20 Plate Barding Armor
49:57 Blast Furnace
Connection lost

Rejoining the realm…

Still unreachable

The connection could not be restored.

Session expired

The server has moved on; the page needs a fresh start.